Map: Área de Newkirk ET (Void)

Players

Mhodesty

  • Race: Protoss Protoss
  • League: Master
  • Spawn Location: 5:00

monOxyde - Winner!

  • Race: Terran Terran
  • League: Master
  • Spawn Location: 7:00

VOD

Have the link to the VOD?

Description

Time

  • Played on: March 31, 2017, 10:22 p.m.
  • Length: 10:20
Show
View Real Time Build Order
Export as new Build Order

Mhodesty Protoss 

Build Orders: 1 Gate Expand, Colossus Rush 

Get SALT Encoding   

  12  0:03  Probe (Chrono Boost)  
  13  0:13  Probe (Chrono Boost)  
  14  0:18  Pylon  
  14  0:24  Probe (Chrono Boost)  
  15  0:37  Probe (Chrono Boost)  
  15  0:38  Gateway  
  16  0:47  Probe (Chrono Boost)  
  16  0:48  Assimilator  
  17  0:58  Probe (Chrono Boost)  
  18  1:09  Probe (Chrono Boost)  
  19  1:23  Nexus  
  19  1:34  Cybernetics Core  
  19  1:38  Probe (Chrono Boost)  
  20  1:52  Probe (Chrono Boost)  
  21  1:56  Assimilator  
  21  2:03  Pylon  
  21  2:07  Adept  
  21  2:12  Warp Gate  
  24  2:23  Probe (Chrono Boost)  
  24  2:31  Adept  
  24  2:35  Probe (Chrono Boost)  
  27  2:40  Probe (Chrono Boost)  
  28  2:44  Robotics Facility  
  28  2:47  Probe (Chrono Boost)  
  28  2:51  Probe (Chrono Boost)  
  31  3:00  Probe (Chrono Boost)  
  31  3:02  Adept  
  31  3:04  Probe (Chrono Boost)  
  31  3:12  Probe (Chrono Boost)  
  34  3:14  Probe (Chrono Boost)  
  35  3:25  Mothership Core (Chrono Boost), Probe (Chrono Boost)  
  38  3:31  Observer  
  39  3:35  Probe (Chrono Boost)  
  40  3:43  Probe (Chrono Boost)  
  40  3:46  Probe (Chrono Boost)  
  41  3:53  Probe (Chrono Boost)  
  41  3:56  Probe (Chrono Boost)  
  41  3:59  Observer  
  43  4:04  Probe (Chrono Boost)  
  43  4:05  Gateway  
  43  4:07  Probe (Chrono Boost)  
  43  4:09  Gateway  
  45  4:10  Pylon  
  45  4:14  Assimilator  
  45  4:15  Probe (Chrono Boost)  
  46  4:18  Robotics Bay  
  46  4:19  Assimilator  
  46  4:23  Pylon  
  46  4:27  Pylon  
  46  4:28  Probe x2 (Chrono Boost)  
  46  4:29  Observer  
  49  4:39  Probe (Chrono Boost)  
  49  4:41  Probe (Chrono Boost)  
  49  4:44  Stalker  
  53  4:50  Probe (Chrono Boost)  
  54  4:55  Probe (Chrono Boost)  
  55  5:01  Probe (Chrono Boost)  
  55  5:06  Colossus  
  62  5:09  Zealot  
  62  5:10  Zealot x2  
  62  5:12  Pylon  
  68  5:15  Pylon  
  68  5:17  Pylon, Probe (Chrono Boost)  
  68  5:18  Probe (Chrono Boost)  
  70  5:31  Probe (Chrono Boost)  
  71  5:43  Stalker x3  
  76  5:50  Probe (Chrono Boost)  
  76  5:51  Extended Thermal Lance  
  77  5:59  Pylon  
  77  6:01  Nexus  
  77  6:08  Colossus  
  83  6:12  Probe (Chrono Boost)  
  78  6:29  Forge  
  78  6:30  Forge  
  78  6:32  Probe (Chrono Boost)  
  79  6:35  Stalker x2  
  79  6:36  Zealot  
  85  6:51  Probe x2 (Chrono Boost)  
  87  7:01  Gateway  
  87  7:02  Gateway, Colossus  
  87  7:07  Protoss Ground Weapons Level 1  
  87  7:08  Protoss Ground Armor Level 1  
  87  7:20  Stalker x2  
  87  7:21  Sentry  
  65  7:48  Probe (Chrono Boost)  
  66  7:52  Probe (Chrono Boost)  
  66  7:53  Probe (Chrono Boost)  
  66  7:54  Zealot  
  66  7:55  Stalker x2, Colossus  
  80  8:04  Probe (Chrono Boost)  
  81  8:08  Zealot x2  
  81  8:12  Twilight Council  
  85  8:14  Photon Cannon  
  85  8:16  Photon Cannon  
  81  8:25  Stalker  
  81  8:26  Stalker x2  
  77  8:42  Stalker x2  
  66  9:01  Stalker x3  
  62  9:04  Colossus  
  62  9:08  Zealot x2  
  70  9:25  Stalker x2  
  70  9:26  Zealot  
  70  9:27  Mothership Core (Chrono Boost)  
  78  9:35  Pylon  
  78  9:36  Sentry  
  78  9:37  Zealot  
  82  9:38  Pylon  
  82  9:50  Stalker x2  
  82  9:51  Stalker  
Show
View Real Time Build Order
Export as new Build Order

monOxyde Terran - Winner!

Build Orders: Mech 

Get SALT Encoding   

  12  0:00  SCV  
  13  0:12  SCV  
  14  0:18  Supply Depot  
  14  0:25  SCV  
  15  0:39  SCV  
  16  0:44  Barracks  
  16  0:47  Refinery  
  16  0:51  SCV  
  17  1:04  SCV  
  18  1:16  SCV  
  19  1:31  Marine  
  20  1:37  Orbital Command  
  20  1:51  Command Center  
  20  1:58  Barracks Reactor  
  19  2:06  Factory  
  19  2:07  SCV  
  20  2:13  Refinery  
  20  2:19  SCV  
  21  2:27  Supply Depot  
  21  2:33  SCV  
  22  2:45  SCV  
  23  2:55  Armory  
  23  2:56  Hellion x2  
  27  3:04  Orbital Command  
  27  3:10  SCV  
  28  3:17  Widow Mine x2  
  32  3:24  SCV  
  33  3:30  SCV  
  34  3:37  Supply Depot, SCV  
  35  3:42  SCV  
  36  3:49  SCV  
  36  3:54  SCV  
  38  3:56  Hellion x2  
  38  3:57  Terran Vehicle Weapons Level 1  
  38  4:01  SCV  
  43  4:03  Barracks Reactor, Starport  
  43  4:06  SCV  
  44  4:13  SCV  
  45  4:24  Cyclone  
  45  4:25  Cyclone  
  45  4:26  SCV x2  
  45  4:30  Refinery  
  45  4:31  Refinery  
  53  4:35  Supply Depot  
  53  4:37  Supply Depot  
  53  4:42  SCV  
  54  4:56  Medivac x2, SCV  
  59  5:01  Hellion x2  
  59  5:05  Supply Depot, SCV  
  64  5:09  SCV  
  64  5:14  Engineering Bay  
  65  5:17  SCV  
  65  5:21  SCV  
  67  5:26  Cyclone  
  67  5:27  Cyclone  
  73  5:29  Supply Depot, SCV  
  73  5:35  Supply Depot  
  74  5:43  Viking x2  
  78  5:51  SCV x2  
  80  5:58  Hellion, Supply Depot  
  80  5:59  Hellion  
  80  6:03  SCV  
  85  6:04  SCV  
  85  6:05  Terran Ship Weapons Level 1  
  85  6:08  Supply Depot  
  78  6:27  Viking x2  
  78  6:28  Widow Mine x2  
  78  6:31  Barracks Tech Lab  
  86  6:35  Factory  
  82  6:53  SCV  
  83  6:55  Liberator x2  
  83  6:59  Cyclone x2  
  83  7:01  SCV  
  90  7:05  SCV  
  91  7:13  SCV  
  98  7:17  SCV  
  99  7:25  SCV  
  98  7:36  SCV  
  92  7:40  SCV  
  86  7:44  Hellion x2  
  86  7:48  SCV, Barracks Tech Lab  
  86  7:49  Factory  
  84  7:51  Liberator  
  84  7:52  SCV, Liberator  
  84  7:55  Siege Tank  
  88  7:58  Command Center  
  88  8:00  SCV  
  88  8:04  SCV  
  88  8:05  Hellion, Infernal Pre-Igniter  
  94  8:06  Hellion  
  98  8:23  SCV x2  
  97  8:28  Hellion x2  
  101  8:35  SCV  
  101  8:38  SCV  
  101  8:47  SCV  
  102  8:51  Viking, SCV  
  102  8:52  Viking  
  99  9:01  SCV  
  96  9:03  Siege Tank, Cyclone x2  
  96  9:07  SCV  
  106  9:13  Orbital Command, SCV  
  103  9:21  Medivac x2  
  107  9:27  Siege Tank  
  107  9:31  Refinery  
  110  9:34  Missile Turret x2  
  110  9:35  Hellion x2  
  110  9:36  Hellion, Missile Turret  
  116  9:54  Refinery  
  116  9:56  Hellion  
  116  9:57  Hellion x2  
  124  10:06  SCV x2  
Tags
 
Add a new tag
Caveats
  • Supply blocks, unpowered buildings, or Contaminate may cause inaccurate times.
  • Supply counts are checked every 10 seconds.